 Dungeon Crawl Stone Soup version 0.30-a0-691-g754fce4c43 (webtiles) character file.

Game seed: 10340877862731189029

583 Mitcholas the Magician (level 7, -9/54 HPs)
             Began as a Djinni Conjurer on Jan 19, 2023.
             Was an Initiate of Ashenzari.
             Mangled by Prince Ribbit (13 damage)
             ... on level 5 of the Dungeon.
             The game lasted 00:13:12 (4502 turns).

Mitcholas the Magician (Djinni Conjurer)            Turns: 4502, Time: 00:13:12

Health: -9/54      AC:  4    Str:  6    XL:     7   Next: 64%
Gold:   289        EV: 12    Int: 21    God:    Ashenzari [......] SH:  0 Dex: 14

rFire   + + +      SeeInvis .    n - +3 long sword of Conflict {flame, +Blink rPois rN+ Dex+2}
rCold   . . .      Faith    .    (no shield)
rNeg    + + .      Spirit   .    a - +0 robe
rPois   ∞          Reflect  .    (no helmet)
rElec   +          Harm     .    (no cloak)
rCorr   +          Rampage  .    s - +1 pair of gloves
Will    .....                    (boots unavailable)
Stlth   ++                       (no amulet)
HPRegen 0.29/turn                i - ring "Weith" {rPois rN+}
MPRegen 0.00/turn                (no ring)

@: resistant, attractive, flying
A: sickness immunity, fire resistance 2, cold vulnerability 1, float, innate
caster, HP casting, extra vitality 1
a: Renounce Religion, Evoke Blink, Curse Item


You were on level 5 of the Dungeon.
You worshipped Ashenzari.
Ashenzari was noncommittal.
You visited 2 branches of the dungeon, and saw 6 of its levels.

You collected 289 gold pieces.

Inventory:

Hand Weapons
 n - the +3 long sword of Conflict (weapon) {flame, +Blink rPois rN+ Dex+2}
   (You took it off an orc wizard on level 3 of the Dungeon)

   Dex:       It affects your dexterity (+2).
   rPois:     It protects you from poison.
   rN:        It protects you from negative energy.
   +Blink:    It lets you blink.
Armour
 a - a +0 robe (worn)
 e - a +0 buckler
 s - a +1 pair of gloves (worn)
Jewellery
 i - the ring "Weith" (left hand) {rPois rN+}
   (You found it on level 2 of the Dungeon)

   [ring of positive energy]

   rPois:     It protects you from poison.
   rN:        It protects you from negative energy.
Wands
 o - a wand of quicksilver (11)
 t - a wand of flame (14)
 x - a wand of mindburst (12)
Scrolls
 c - 3 scrolls of teleportation {unknown}
 d - a scroll of enchant armour {unknown}
 f - 2 scrolls of magic mapping {unknown}
 h - a scroll of identify {unknown}
 m - a scroll of poison {unknown}
 p - a scroll of vulnerability {unknown}
 r - a scroll of amnesia {unknown}
 u - a scroll of fear {unknown}
 v - a scroll of torment {unknown}
Potions
 b - a potion of magic
 g - 2 potions of attraction
 k - a potion of curing {unknown}
 l - a potion of mutation {unknown}
 q - a potion of might {unknown}
 w - a potion of brilliance {unknown}


   Skills:
 * Level 5.1 Fighting
 + Level 0.2 Armour
 + Level 2.2 Dodging
 + Level 1.6 Stealth
 + Level 0.1 Shields
 * Level 5.2 Spellcasting
 + Level 0.2 Evocations


You couldn't memorise any spells.
You knew the following spells:

 Your Spells              Type           Power      Damage    Failure   Level
a - Magic Dart            Conj           100%       1d8       1%          1
b - Searing Ray           Conj           54%        2d6       1%          2
c - Dazzling Flash        Conj/Hex       54%        N/A       3%          3
d - Fulminant Prism       Conj/Hex       13%        3d8       12%         4
e - Iskenderun's Mystic   Conj/Tloc      27%        2d7       12%         4
f - Apportation           Tloc           54%        N/A       1%          1
g - Passwall              Tmut/Erth      22%        N/A       1%          2
h - Teleport Other        Tloc           27%        N/A       3%          3
Your spell library was empty.

Dungeon Overview and Level Annotations

Branches:
Dungeon (5/15)             Temple (1/1) D:4

Altars:
Ashenzari
Cheibriados
Dithmenos
Elyvilon
Fedhas
Hepliaklqana
Makhleb
Nemelex Xobeh
Okawaru
Qazlal
Ru
Trog
Wu Jian
Yredelemnul
Zin
The Shining One

Shops:
D:1 !   D:4 ?

Annotations:
D:2 1 runed translucent door, Crazy Yiuf
D:5 Prince Ribbit


Innate Abilities, Weirdness & Mutations

You are immune to sickness and miasma.
You are immune to poison.
Your flesh is very heat resistant. (rF++)
You are vulnerable to cold. (rC-)
You float through the air rather than walking.
You learn spells naturally, not from books.
Your magical power is your life essence.
You have superior vitality. (+4 MHP)


Message History

You conjure a prism of explosive energy!
A fulminant prism comes into view.
Prince Ribbit blinks!
Prince Ribbit hits you!
Casting: Fulminant Prism (dangerous; 12% risk of failure)
Confirm with . or Enter, or press ? or * to list all spells.
Aiming: Teleport Other (dangerous; 3% risk of failure)
Press: ? - help, Shift-Dir - straight line, f - Prince Ribbit
Aim: Prince Ribbit (lightly wounded, ally target, chance to affect: 49%) Prince Ribbit resists with some effort.
Prince Ribbit hits you!
Your fulminant prism crackles loudly.
Ashenzari invites you to partake of a vision and a curse of introspection and melee combat.
Casting: Teleport Other (dangerous; 3% risk of failure)
Confirm with . or Enter, or press ? or * to list all spells.
You erupt in a blast of force!
The mystic blast hits Prince Ribbit!
Prince Ribbit is moderately wounded.
Prince Ribbit barely misses you.
Your fulminant prism explodes!
Prince Ribbit blinks!
Prince Ribbit barely misses you.
Casting: Iskenderun's Mystic Blast (dangerous; 12% risk of failure)
Confirm with . or Enter, or press ? or * to list all spells.
You erupt in a blast of force!
The mystic blast hits Prince Ribbit!
Prince Ribbit is heavily wounded.
* * * LOW HITPOINT WARNING * * *
Prince Ribbit hits you.
* * * LOW HITPOINT WARNING * * *
Prince Ribbit attacks as you move away! Prince Ribbit barely misses you.
Prince Ribbit croaks regally.
Prince Ribbit blinks!
Prince Ribbit hops awkwardly around.
Prince Ribbit closely misses you. Prince Ribbit hits you!
* * * LOW HITPOINT WARNING * * *
It was a potion of attraction.
You feel attractive to monsters.
Prince Ribbit hits you but does no damage.
Prince Ribbit barely misses you.
It was a potion of resistance.
You feel protected. Prince Ribbit hits you!
You die...

#... ##.## #.# #..# #..#
#.# # #.. #..## #.# #
#####.# ###.## #.# #
#.....# ##.## #.# # #....##
##.###.## ## #....########
##.##..###. #........F..##
#....<....
#.....####@..#####...######
#..#### ####.......## #..#
######### #..## # ....# ##
###### ##. #####
############ ##.#
#####...#####..........#
#..#
#......................##
#..#


You could see Prince Ribbit.

Vanquished Creatures
  A phantom (D:4)
  A necrophage (D:5)
  A hound (D:4)
  A jelly (D:4)
  An orc priest (D:3)
  Ijyb (D:5)
  Natasha (thrice) (D:3)
  An iguana (D:5)
  3 orc wizards (D:3)
  5 adders
  A shadow imp (D:5)
  A white imp (D:5)
  4 worms
  3 dart slugs
  8 orcs
  7 ball pythons
  8 endoplasms
  11 goblins
  2 hobgoblins
  2 quokkas
  7 bats
  5 frilled lizards
  8 kobolds
  5 rats
90 creatures vanquished.

Vanquished Creatures (others)
  4 fulminant prisms (D:5)
4 creatures vanquished.

Grand Total: 94 creatures vanquished

Notes
Turn   | Place    | Note
-------+----------+-------------------------------------------
     0 | D:1      | Mitcholas the Djinni Conjurer began the quest for the Orb.
     0 | D:1      | Mitcholas set off with the following spells memorised:
                  | Magic Dart, Searing Ray, Dazzling Flash, Fulminant Prism,
                  | Iskenderun's Mystic Blast.
     0 | D:1      | Reached XP level 1. HP: 15/15 MP: 0/0
   125 | D:1      | Reached skill level 1 in Fighting
   125 | D:1      | Reached XP level 2. HP: 8/22 MP: 0/0
   249 | D:1      | Found Antemyfo's Distillery.
   497 | D:1      | Reached XP level 3. HP: 26/27 MP: 0/0
   497 | D:1      | Learned a level 1 spell: Apportation
   589 | D:1      | Found a faded altar of an unknown god.
   958 | D:2      | Identified the ring "Weith" {rPois rN+}
   992 | D:2      | Reached XP level 4. HP: 27/33 MP: 0/0
  1037 | D:2      | Found a runed translucent door.
  1038 | D:2      | Noticed Crazy Yiuf
  1586 | D:3      | Identified the +3 long sword of Conflict {flame, +Blink
                  | rPois rN+ Dex+2}
  1658 | D:3      | Noticed Natasha
  1662 | D:3      | Killed Natasha
  1767 | D:3      | Reached XP level 5. HP: 36/40 MP: 0/0
  1767 | D:3      | Learned a level 2 spell: Passwall
  1825 | D:3      | Noticed Natasha
  1831 | D:3      | Killed Natasha
  1931 | D:3      | Noticed Natasha
  1935 | D:3      | Killed Natasha
  2034 | D:3      | Reached XP level 6. HP: 40/47 MP: 0/0
  2597 | D:4      | Found a burning altar of Makhleb.
  2656 | D:4      | Found a staircase to the Ecumenical Temple.
  2667 | Temple   | Entered the Ecumenical Temple
  2829 | Temple   | Became a worshipper of Ashenzari the Shackled
  2857 | D:4      | Found a hazy altar of Hepliaklqana.
  3032 | D:4      | Found a sparkling altar of Nemelex Xobeh.
  3084 | D:4      | Reached XP level 7. HP: 29/53 MP: 0/0
  3084 | D:4      | Learned a level 3 spell: Teleport Other
  3246 | D:4      | Found an ornate altar of the Wu Jian Council.
  3356 | D:4      | Reached skill level 5 in Spellcasting
  3385 | D:4      | Found Diefuype's Magic Scroll Emporium.
  3499 | D:5      | Entered Level 5 of the Dungeon
  3525 | D:5      | Reached skill level 5 in Fighting
  4207 | D:5      | Noticed Ijyb
  4216 | D:5      | Killed Ijyb
  4482 | D:5      | Noticed Prince Ribbit
  4502 | D:5      | Mangled by Prince Ribbit

Illustrated notes

Levels and vault maps discovered:
D:1:      dpeg_arrival_orchard, layout_loops_cross,
          hellmonk_ecumenical_altar_zigzags, serial_shops, shop, hex_large,
          columned_hall_lemuel
D:2:      layout_loops_ring, moated_statue, minmay_tripent,
          uniq_crazy_yiuf_cottage
D:3:      layout_loops_cross, uniq_natasha
D:4:      layout_rooms, lemuel_round_altar, nzn_wu_jian_council_hall,
          nicolae_hepliaklqana_hazy_memory, amcnicky_altar_gilded,
          temple_pool_b, serial_shops, shop_statue, serial_forest,
          infiniplex_forest_fountain, infiniplex_forest_straight_2,
          infiniplex_forest_end_double, infiniplex_forest_straight_3,
          infiniplex_forest_lined_2, infiniplex_forest_straight_4,
          infiniplex_forest_clump_C, infiniplex_forest_clump_small
D:5:      layout_layer_cave, nicolae_titane, uniq_prince_ribbit1, uniq_ijyb
Temple:   eino_narrow_crystal_temple

Skill      XL: |  1  2  3  4  5  6  7 |
---------------+----------------------+-----
Fighting       | 1 2 3 4 5 |  5.1
Spellcasting   | 4 5 |  5.2
Armour         | |  0.2
Dodging        | |  2.2
Stealth        | |  1.6
Shields        | |  0.1
Evocations     | |  0.2

Action                   |  1- 3 |  4- 6 |  7- 9 || total
-------------------------+-------+-------+-------++-------
 Cast: Magic Dart        |    74 |    96 |    25 ||   195
       Searing Ray       |       |    11 |     6 ||    17
       Fulminant Prism   |       |       |     4 ||     4
       Teleport Other    |       |       |     2 ||     2
       Iskenderun's Myst |       |       |     2 ||     2
  Use: Potion            |       |       |     2 ||     2
Armor: Robe              |     2 |     3 |     2 ||     7
Dodge: Dodged            |     6 |    14 |     9 ||    29

Table legend: (Time is in decaauts)
 A = Elapsed time spent in this place.
 B = Non-inter-level travel time spent in this place.
 C = Inter-level travel time spent in this place.
 D = Time resting spent in this place.
 E = Time spent auto-exploring this place.
 F = Levels seen in this place.
 G = Mean time per level.
                   A        B        C        D        E       F      G
               +--------+--------+--------+--------+--------+-----+--------+
         Total |   4500 |   4364 |    136 |    404 |   3428 |   6 |  750.0 |
       Dungeon |   4329 |   4220 |    109 |    404 |   3293 |   5 |  865.8 |
        Temple |    170 |    143 |     27 |      0 |    135 |   1 |  170.0 |
               +--------+--------+--------+--------+--------+-----+--------+

Top non-repeatable levels by time:
     D:5: 1002 daAuts
     D:3: 981 daAuts
     D:2: 830 daAuts
     D:4: 762 daAuts
     D:1: 753 daAuts
  Temple: 170 daAuts
